 Dungeon Crawl Stone Soup version 0.18.1-50-g88ac8fd (webtiles) character file.

414 Ponchio the Magician (level 6, 0/37 HPs)
             Began as a High Elf Conjurer on Oct 4, 2016.
             Killed by nerve-wracking pain
             ... invoked by an orc priest
              (4 damage)
             ... on level 3 of the Dungeon.
             The game lasted 00:39:34 (5048 turns).

Ponchio the Magician (High Elf Conjurer)            Turns: 5048, Time: 00:39:34

Health: 0/37       AC:  4    Str:  7    XL:     6   Next: 60%
Magic:  3/15       EV: 16    Int: 21    God:
Gold:   139        SH:  0    Dex: 18    Spells: 2 memorised, 12 levels left

rFire  . . .     SeeInvis .     m - +0 short sword
rCold  . . .     Gourm    .     j - +0 robe
rNeg   . . .     Faith    .     (no shield)
rPois  .         Spirit   .     (no helmet)
rElec  .         Dismiss  .     e - +1 cloak
rCorr  .         Reflect  .     (no gloves)
SustAt .         Harm     .     (no boots)
MR     .....     Clarity  +     (no amulet)
Stlth  +.........               i - ring of loudness (curse)
                                n - +2 ring of evasion

@: not resistant to hostile enchantments, very unstealthy
A: talons 1, agile 1, clarity
a: no special abilities


You were on level 3 of the Dungeon.
You were not hungry.

You visited 1 branch of the dungeon, and saw 5 of its levels.

You collected 139 gold pieces.

Inventory:

Hand Weapons
 m - a +0 short sword (weapon)
 r - a +0 dagger
Armour
 e - a +1 cloak (worn)
 j - a +0 robe (worn)
 q - a +0 pair of boots
 u - a +0 robe
Jewellery
 a - a +3 ring of strength
 i - a cursed ring of loudness (right hand)
 n - a +2 ring of evasion (left hand)
 s - an uncursed ring of protection from fire {unknown}
Wands
 t - a wand of lightning (2/15)
Scrolls
 d - a scroll of amnesia
Potions
 h - 2 potions of lignification
 k - a potion of haste {unknown}
 l - a potion of agility
 p - a potion of mutation
Books
 b - a book of Conjurations

   Spells                             Type                      Level
   a - Magic Dart                     Conjuration                  1
   b - Searing Ray                    Conjuration                  2
   c - Dazzling Spray                 Conjuration/Hexes            3
   d - Fulminant Prism                Conjuration/Hexes            4
   e - Iskenderun's Mystic Blast      Conjuration                  4
   f - Iskenderun's Battlesphere      Conjuration/Charms           5
 g - a book of Beasts

   Spells                             Type                      Level
   a - Summon Butterflies             Summoning                    1
   b - Call Canine Familiar           Summoning                    3
   c - Summon Ice Beast               Ice/Summoning                4
   d - Summon Mana Viper              Hexes/Summoning              5
   e - Summon Hydra                   Summoning                    7
Comestibles
 c - 3 bread rations
 f - 3 meat rations


   Skills:
 - Level 0.8 Fighting
 + Level 3.4 Short Blades
 - Level 3.5 Dodging
 - Level 2.1 Stealth
 - Level 5.8 Spellcasting
 - Level 5.1 Conjurations


You had 12 spell levels left.
You knew the following spells:

 Your Spells              Type           Power        Failure   Level  Hunger
a - Magic Dart            Conj           ####         1%          1    None
b - Dazzling Spray        Conj/Hex       ###...       12%         3    ##.....


Dungeon Overview and Level Annotations

Branches:
Dungeon (5/15)
 Temple: D:4-7

Altars:
Ashenzari
Elyvilon
Makhleb
Okawaru
Sif Muna
Xom
Yredelemnul

Annotations:
D:3 Terence


Innate Abilities, Weirdness & Mutations

You have sharp toenails.
You are agile. (Dex +2)
You possess an exceptional clarity of mind.


Message History

Evoke which item? (* to show all) (? for menu, Esc to quit)
Zapping:
t - a wand of lightning (will waste charges)
Press: ? - help, Shift-Dir - straight line, f/p - orc priest
Aim: an orc priest, wielding a falchion (severely wounded)
You hear a mighty clap of thunder!
The bolt of lightning hits the orc priest.
The orc priest is severely wounded.
Evoking this partially-identified wand wasted a few charges.
You hear a shout!
The orc priest hits you with a falchion.
* * * LOW HITPOINT WARNING * * *
Casting: Dazzling Spray
Confirm with . or Enter, or press ? or * to list all spells.
You don't have enough magic to cast that spell.
Unknown command.
Drink which item? (? for menu, Esc to quit)
Okay, then.
The orc priest mumbles some strange prayers to Beogh against you.
Pain shoots through your body!
You die...

######### ########
#.......# #.o..@.#
#.#####.# #.####.#
#.......####.####.#
........?......##.#####
.....##.####.#.##.....##
.....##.# #.#.....#...##
#.......#
#......###...##
#.......#
###..........†#
######### #..#.).).#..#


You could see an orc priest.

Vanquished Creatures
  A giant frog (D:4)
  2 orc priests
  2 orc wizards
  3 worker ants (D:4)
  4 gnolls (D:3)
  4 adders
  An adder zombie (D:3)
  An ooze (D:4)
  A worm (D:2)
  3 dart slugs (D:1)
  3 giant geckos
  5 orcs
  10 bats
  2 giant cockroaches
  11 goblins
  6 hobgoblins
  3 quokkas (D:4)
  A ball python (D:3)
  A giant gecko skeleton (D:4)
  2 giant newts (D:3)
  7 kobolds
  9 rats
82 creatures vanquished.

Notes
Turn   | Place    | Note
--------------------------------------------------------------
     0 | D:1      | Ponchio the High Elf Conjurer began the quest for the Orb.
     0 | D:1      | Reached XP level 1. HP: 11/11 MP: 4/4
   223 | D:1      | Reached XP level 2. HP: 17/17 MP: 1/7
   701 | D:1      | Reached XP level 3. HP: 21/21 MP: 4/9
  1321 | D:2      | Found a basalt altar of Yredelemnul.
  1639 | D:2      | Found a burning altar of Makhleb.
  1658 | D:2      | Found a shattered altar of Ashenzari.
  1735 | D:2      | Found a shimmering altar of Xom.
  1884 | D:2      | Found a white marble altar of Elyvilon.
  2012 | D:2      | Reached skill level 5 in Spellcasting
  2012 | D:2      | Reached XP level 4. HP: 27/27 MP: 9/12
  2017 | D:2      | Learned a level 3 spell: Dazzling Spray
  2042 | D:2      | Gained mutation: You possess an exceptional clarity of mind. [potion of mutation]
  2042 | D:2      | Gained mutation: You are agile. (Dex +2) [potion of mutation]
  2042 | D:2      | Gained mutation: You have sharp toenails. [potion of mutation]
  2075 | D:3      | Noticed Terence
  2543 | D:3      | You fall through a shaft for 2 floors!
  2543 | D:5      | Entered Level 5 of the Dungeon
  2543 | D:5      | Noticed a sky beast
  2906 | D:4      | Noticed a giant frog
  2934 | D:4      | Killed a giant frog
  2934 | D:4      | Reached XP level 5. HP: 31/31 MP: 3/13
  3463 | D:4      | Reached skill level 5 in Conjurations
  3772 | D:4      | Reached XP level 6. HP: 23/36 MP: 3/15
  4200 | D:4      | Reached skill level 1 in Short Blades
  4303 | D:4      | Found a deep blue altar of Sif Muna.
  4618 | D:3      | Found an iron altar of Okawaru.
  5048 | D:3      | Killed from afar by an orc priest

Skill      XL: |  1  2  3  4  5  6 |
---------------+-------------------+-----
Spellcasting   | 3 4 5 |  5.8
Dodging        | 3 |  3.5
Conjurations   | 5 |  5.1
Short Blades   | 3 |  3.4
Fighting       | |  0.8
Stealth        | |  2.1

Action                   |  1- 3 |  4- 6 || total
-------------------------+-------+-------++-------
Melee: Unarmed           |     9 |       ||     9
       Short sword       |       |    59 ||    59
       Kick              |       |     3 ||     3
Throw: Javelin           |       |     7 ||     7
 Cast: Magic Dart        |    91 |    68 ||   159
       Dazzling Spray    |       |    31 ||    31
Evoke: Wand              |       |     1 ||     1
  Use: Scroll            |     3 |     8 ||    11
       Potion            |       |     5 ||     5
 Stab: Sleeping          |     1 |       ||     1
       Invisible         |       |    10 ||    10
  Eat: Chunk             |     2 |     9 ||    11
       Pizza             |       |     2 ||     2
Armor: Robe              |     2 |     9 ||    11
Dodge: Dodged            |    11 |    77 ||    88
